[Event "Early-Titled-Tuesday-Blitz-September-26-2023"]
[Site "Chess.com"]
[Date "2023.09.26"]
[Round "7"]
[White "ActorXu"]
[Black "Zhigalko_Sergei"]
[Result "0-1"]
[WhiteElo "2711"]
[BlackElo "2838"]
[TimeControl "180+1"]
[EndTime "9:19:15 PDT"]
[Termination "Zhigalko_Sergei won by checkmate"]

1. e4 c5 2. Nf3 Nc6 3. Bb5 Nf6 4. Nc3 Qc7 5. O-O Nd4 6. Re1 a6 7. Bf1 e5 8. Nd5 Nxd5 9. exd5 d6 10. Nxd4 cxd4 11. a4 Be7 12. a5 O-O 13. c4 f5 14.
d3 Bd7 15. b4 Rae8 16. Qb3 Bf6 17. c5 Bb5 18. Bd2 e4 19. Rac1 e3 20. fxe3 dxe3 21. Bc3 Bh4 22. g3 f4 23. gxh4 f3 24. Kh1 f2 25. Bh3 fxe1=Q+ 26. Rxe1 Bxd3 27. Bd4 Be4+ 28. Kg1 Qf7 29. Rxe3 Bxd5 30. Qc2 Rxe3 31. Bxe3 Qf3 32. Qc3 Qh1# 0-1

[Event "Early-Titled-Tuesday-Blitz-September-26-2023"]
[Site "Chess.com"]
[Date "2023.09.26"]
[Round "7"]
[White "maracayo"]
[Black "Zavgorodniy_Sergiy"]
[Result "0-1"]
[WhiteElo "2396"]
[BlackElo "2588"]
[TimeControl "180+1"]
[EndTime "9:19:15 PDT"]
[Termination "Zavgorodniy_Sergiy won on time"]

1. e4 c5 2. Nf3 d6 3. d3 g6 4. Nbd2 Bg7 5. Be2 Nc6 6. O-O e5 7. c3 Nge7 8. h3 O-O 9. Re1 h6 10. a3 Be6 11. b4 f5 12. Bb2 a6 13. Bf1 Qd7 14. Rc1 Rad8 15. d4 cxd4 16. cxd4 exd4 17. exf5 Nxf5 18. Nb3 Qf7 19. Na5 Nxa5 20. bxa5 Bd5 21.
Nxd4 Nh4 22. Qd2 Be5 23. Rc2 Bf4 24. Qd3 g5 25. Qc3 Be5 26. Qd3 Ng6 27. Nf3 Bxf3 28.
Qxf3 Qxf3 29. gxf3 Bxb2 30. Rxb2 Ne5 31. Kg2 Rd7 32.
Rd1 Rxf3 33. Rbd2 Rf6 34. Rd5 Ng6 35. Bd3 Nf4+ 0-1

[Event "Early-Titled-Tuesday-Blitz-September-26-2023"]
[Site "Chess.com"]
[Date "2023.09.26"]
[Round "7"]
[White "spotbet"]
[Black "Jaka_Brilej"]
[Result "1/2-1/2"]
[WhiteElo "2385"]
[BlackElo "2500"]
[TimeControl "180+1"]
[EndTime "9:19:15 PDT"]
[Termination "Game drawn by repetition"]

1. e4 e6 2. d4 d5 3. Nc3 Nf6 4. exd5 exd5 5. Bg5 Be7 6. Nf3 c6 7.
Be2 h6 8. Bh4 Bf5 9. O-O Nbd7 10. Re1 O-O 11. Bd3 Bg4 12. h3 Bh5 13. g4 Bg6 14.
Bxg6 fxg6 15. Qd3 g5 16. Bg3 Re8 17. Qg6 Nf8 18. Qf5 Qd7 19. Qd3 Bd6 20. Be5 Ne6 21. Qg6 Nf4 22. Bxf4 Bxf4 23. Ne5 Qc7 24. Nd3 Qf7 25.
Nxf4 gxf4 26. Qf5 Nd7 27. Ne2 g5 28. Qd3 Re7 29. Nc3 Rae8 30. Rxe7 Rxe7 31. Kf1 Nb6 32. b3 Nc8 33. Re1 Rxe1+ 34. Kxe1 Nd6 35. f3 Kg7 36. Kf2 Qe6 37. Na4 b6 38. Nb2 h5 39. Nd1 hxg4 40. hxg4 Qh6 41. Ke2 Qh1 42. Qa6 Nb5 43. Qb7+ Kg8 44.
Qc8+ Kg7 45. Qd7+ Kg8 46. Qd8+ Kh7 47. Qe7+ Kh8 48. c3 Qg2+ 49. Nf2 Nxc3+ 50. Kd3 Qxf2 51.
Qf8+ Kh7 52. Qf7+ Kh8 53. Qf8+ Kh7 54. Qf7+ Kh8 55. Qf8+ 1/2-1/2

[Event "Early-Titled-Tuesday-Blitz-September-26-2023"]
[Site "Chess.com"]
[Date "2023.09.26"]
[Round "7"]
[White "invisible_s0ul"]
[Black "Elaisaz"]
[Result "1-0"]
[WhiteElo "2317"]
[BlackElo "2134"]
[TimeControl "180+1"]
[EndTime "9:19:15 PDT"]
[Termination "invisible_s0ul won on time"]

1. d4 d5 2. c4 Nf6 3. Nc3 e6 4.
cxd5 exd5 5. Bg5 Be7 6. e3 c6 7. Bd3 h6 8. Bh4 O-O 9. Nge2 Ne4 10. Bxe4 dxe4 11. Bxe7 Qxe7 12. Qc2 Re8 13. Ng3 f5 14.
O-O-O Be6 15. Kb1 Na6 16. a3 b5 17. d5 cxd5 18. Nxd5 Qf7 19. Qc6 b4 20. axb4 Rab8 21. b5 Rec8 22. Qxa6 Bxd5 23. Ne2 Rb6 24. Qa5 Rcb8 25.
Nd4 Qc7 26. Rc1 Qb7 27. Rc5 a6 28. Rhc1 axb5 29. Qb4 Bc4 30. Nxf5 Qf7 31. Nd4 Ba2+ 32. Kc2 1-0

[Event "Early-Titled-Tuesday-Blitz-September-26-2023"]
[Site "Chess.com"]
[Date "2023.09.26"]
[Round "7"]
[White "Fy_Rakotomaharo"]
[Black "jaskol95"]
[Result "0-1"]
[WhiteElo "2698"]
[BlackElo "2617"]
[TimeControl "180+1"]
[EndTime "9:19:17 PDT"]
[Termination "jaskol95 won by resignation"]

1. Nf3 d5 2. g3 Nd7 3. d4 Nb6 4. Bg2 Bf5 5. O-O e6 6. a4 a5 7.
b3 h6 8. Bb2 Nf6 9. Nbd2 Be7 10.
Ne5 O-O 11. c4 c6 12. Qc1 Nbd7 13. Rd1 Nxe5 14. dxe5 Nd7 15. e4 Bg4 16. f3 Bh5 17. exd5 cxd5 18. cxd5 exd5 19. Bd4 Rc8 20. Qb2 Bc5 21.
Rac1 Qb6 22. Bxc5 Rxc5 23. Kh1 Rfc8 24. Rxc5 Qxc5 25. g4 Bg6 26. f4 Bd3 27. Nf3 Be4 28. Nd4 Bxg2+ 29. Qxg2 g5 30. fxg5 Nxe5 31. gxh6 Qxd4 32.
h7+ Kh8 33. Qxd5 Qxd5+ 34. Rxd5 Nxg4 35. Rxa5 Kxh7 36. Rb5 Rc7 37. Rb6 Ne3 38. Kg1 Nd5 39. Rb5 Rd7 40. Kf2 Kg6 41. Kf3 Kf5 42. h4 Kg6 43. a5 f5 44. b4 Kf6 45. Kg3 Ke5 46.
h5 Rg7+ 47. Kh4 Rg4+ 48. Kh3 Ke4 49. Rxb7 Kf3 50. Rd7 Nf4+ 51. Kh2 Rh4+ 52. Kg1 Ne2+ 0-1

[Event "Early-Titled-Tuesday-Blitz-September-26-2023"]
[Site "Chess.com"]
[Date "2023.09.26"]
[Round "7"]
[White "kidagent"]
[Black "Cambek64"]
[Result "1-0"]
[WhiteElo "2262"]
[BlackElo "2442"]
[TimeControl "180+1"]
[EndTime "9:19:17 PDT"]
[Termination "kidagent won on time"]

1. c4 b5 2. cxb5 a6 3. bxa6 Bxa6 4. Nf3 c5 5. Nc3 Nf6 6. d3 Nc6 7. g3 d5 8. Bg2 h6 9. O-O e6 10. Re1 Be7 11. Bf4 Nd7 12. e4 d4 13. Nd5 O-O 14. Nxe7+ Qxe7 15. Qd2 e5 16. Bxh6 gxh6 17. Qxh6 Qf6 18. Qh3 Rfd8 19. Nh4 Nf8 20. Nf5 Bc8 21. f4 Ng6 22. Rf1 exf4 23. gxf4 Rb8 24. b3 Nce7 25. Nxe7+ Nxe7 26. Qg3+ Qg7 27. Rac1 Qxg3 28. hxg3 Rb5 29.
Rc2 Ra5 30. Rfc1 Ba6 31. Rxc5 Rxc5 32. Rxc5 Bxd3 33. Kf2 Bb1 34. a4 d3 35. Bf3 d2 36.
Bd1 Bxe4 37. Re5 Ba8 38. Rxe7 Kf8 39. Re3 f5 40. Ke2 Bb7 41. b4 Bc6 42. Rd3 1-0

[Event "Early-Titled-Tuesday-Blitz-September-26-2023"]
[Site "Chess.com"]
[Date "2023.09.26"]
[Round "7"]
[White "Flopezin"]
[Black "Yurasova_Daria"]
[Result "0-1"]
[WhiteElo "2310"]
[BlackElo "2485"]
[TimeControl "180+1"]
[EndTime "9:19:18 PDT"]
[Termination "Yurasova_Daria won by resignation"]

1. e4 e5 2. Nf3 Nc6 3. Nc3 Nf6 4.
d4 exd4 5. Nxd4 Bb4 6. Nxc6 bxc6 7. Bd3 d5 8. exd5 cxd5 9. O-O O-O 10. Bg5 Bxc3 11. bxc3 Rb8 12. Qf3 Rb6 13. Rad1 Bb7 14. Qg3 c5 15. Rfe1 Qb8 16. Qh4 h6 17. Bf4 Qd8 18.
Be5 Ba6 19. Re3 Bxd3 20. cxd3 Re6 21. d4 Ne4 22. Qg4 Rg6 23. Qf3 Qa5 24. h4 Qxa2 25. h5 Ng5 26. Qf5 Ra6 27. Rg3 Qe2 28. Rf1 Qe4 29.
Qxe4 dxe4 30. dxc5 Rc8 31. Bd6 Ne6 32. Re1 Ra4 33.
Rge3 Nxc5 34. Bxc5 Rxc5 35. Rxe4 Rxe4 36. Rxe4 Kf8 37.
Ra4 a5 38. c4 Rxh5 39. f3 Ke7 40. Kf1 Kd6 41. Ke2 Kc6 42. g4 Rh2+ 43. Ke3 Kb6 44. Ke4 Rd2 45. c5+ Kb5 46. Ra3 Rc2 47. Kd4 Rc4+ 48. Kd3 Rxc5 49. Ke4 Kb4 50. Kf4 Kxa3 0-1

[Event "Early-Titled-Tuesday-Blitz-September-26-2023"]
[Site "Chess.com"]
[Date "2023.09.26"]
[Round "7"]
[White "almaguerjm"]
[Black "MokshanovAlexey"]
[Result "0-1"]
[WhiteElo "2497"]
[BlackElo "2690"]
[TimeControl "180+1"]
[EndTime "9:19:19 PDT"]
[Termination "MokshanovAlexey won by resignation"]

1. e4 e6 2. d4 d5 3. e5 c5 4. c3 Nc6 5. Nf3 Qb6 6. Bd3 cxd4 7. O-O Bd7 8. a4 Nge7 9. cxd4 Nxd4 10. a5 Nxf3+ 11.
Qxf3 Qd4 12. a6 bxa6 13. Re1 Ng6 14. Qg3 Be7 15. Bxg6 hxg6 16. Nc3 Bb5 17. Be3 Qh4 18. Nxb5 axb5 19. Rec1 Qxg3 20. hxg3 Kd7 21. Bxa7 Rhc8 22. Bb6 Ra4 23. b3 Ra3 24. Kf1 Rxc1+ 25. Rxc1 Bd8 26. Bxd8 Kxd8 27. Rc3 b4 28. Rd3 Kc7 29. Rf3 Kc6 30.
Rxf7 d4 31. Rf3 Kd5 32. Ke2 Kxe5 33. Rd3 Kd5 34. f3 e5 35. g4 Ra2+ 36. Kf1 Rc2 37.
g3 Rc3 38. Ke2 g5 39. Kd2 e4 40. fxe4+ Kxe4 41. Rxc3 dxc3+ 42. Ke2 Kd4 0-1

[Event "Early-Titled-Tuesday-Blitz-September-26-2023"]
[Site "Chess.com"]
[Date "2023.09.26"]
[Round "7"]
[White "ZeGood_ZeBad_ZeUgly"]
[Black "ChainedDowntohell"]
[Result "1-0"]
[WhiteElo "2310"]
[BlackElo "2446"]
[TimeControl "180+1"]
[EndTime "9:19:19 PDT"]
[Termination "ZeGood_ZeBad_ZeUgly won on time"]

1. e4 c5 2. Nf3 e6 3. d4 cxd4 4.
Nxd4 Nc6 5. Nc3 Qb6 6. Nb3 Nf6 7. Be3 Qc7 8. Be2 a6 9. Qd2 b5 10. f3 Ne5 11. O-O Nc4 12. Bxc4 bxc4 13. Nd4 Bc5 14.
Na4 Ba7 15. c3 O-O 16. Rad1 Rb8 17. Kh1 d5 18. Bg5 Nd7 19. exd5 exd5 20. Nf5 Nf6 21. Bxf6 Bxf5 22. Qg5 Bg6 23. Be5 Qc6 24. Bxb8 Bxb8 25. b3 cxb3 26. axb3 Bc2 27. Qxd5 Qc7 28. g3 h6 29. Rd2 Bg6 30. c4 Ba7 31. Rfd1 Be3 32. Qd6 Qc8 33. Rd3 Bxd3 34. Qxd3 Ba7 35. Nc3 Qe6 36.
Nd5 Bc5 37. Qe4 1-0

[Event "Early-Titled-Tuesday-Blitz-September-26-2023"]
[Site "Chess.com"]
[Date "2023.09.26"]
[Round "7"]
[White "gueraumasague"]
[Black "Zampronha1971"]
[Result "1-0"]
[WhiteElo "2463"]
[BlackElo "2271"]
[TimeControl "180+1"]
[EndTime "9:19:19 PDT"]
[Termination "gueraumasague won on time"]

1. e4 c5 2. Nc3 e6 3. f4 Nc6 4. Bb5 Nd4 5. Nf3 a6 6. Be2 b5 7. d3 Bb7 8. Nxd4 cxd4 9. Nb1 Rc8 10. Nd2 Qc7 11. Nf3 Qxc2 12. Qxc2 Rxc2 13. Nxd4 Bb4+ 14.
Kd1 Rc8 15. Bd2 Bxd2 16. Kxd2 Ne7 17. Rhc1 d6 18. Rxc8+ Nxc8 19. a4 bxa4 20. Rxa4 Kd7 21. Rb4 Kc7 22. Nb3 Na7 23. Na5 Rb8 24. Ke3 Nc6 25.
Rxb7+ Rxb7 26. Nxb7 Kxb7 27. d4 Kb6 28. Kd3 f6 29. Kc4 Na5+ 30. Kb4 Nc6+ 31. Kc3 d5 32. Bd3 Ne7 33. g3 dxe4 34. Bxe4 h6 35. Kc4 Nc8 36. Bh7 Nd6+ 37. Kd3 Kc6 38. Be4+ Nxe4 39. Kxe4 Kb5 40. f5 exf5+ 41. Kxf5 Kc6 42. Ke6 Kc7 43. d5 Kd8 44. b4 1-0

[Event "Early-Titled-Tuesday-Blitz-September-26-2023"]
[Site "Chess.com"]
[Date "2023.09.26"]
[Round "7"]
[White "JosefineHeinemann"]
[Black "ashookk"]
[Result "1-0"]
[WhiteElo "2545"]
[BlackElo "2239"]
[TimeControl "180+1"]
[EndTime "9:19:27 PDT"]
[Termination "JosefineHeinemann won by resignation"]

1. Nf3 Nf6 2. g3 g6 3. Bg2 Bg7 4. O-O O-O 5. d4 d6 6. c4 c5 7. dxc5 dxc5 8. Nc3 Nc6 9. Be3 Qa5 10. Qa4 Qb4 11. Qxb4 cxb4 12. Nd5 Nxd5 13. cxd5 Ne5 14. Nxe5 Bxe5 15. Rab1 Bf5 16. Rbc1 Bd6 17. b3 b6 18. Bd4 Rac8 19. e4 Bd7 20. e5 Bc5 21. Bxc5 Rxc5 22. Rxc5 bxc5 23. Rc1 Rc8 24. Bf1 a5 25. f4 a4 26. Kf2 a3 27. Bd3 Kf8 28. Kf3 h5 29. Ke3 Ke8 30. Bc4 Kd8 31. Rh1 Kc7 32. h3 Rh8 33. d6+ exd6 34. Bxf7 dxe5 35. fxe5 Bf5 36. e6 Bxe6 37. Rf1 Bf5 38. g4 hxg4 39. hxg4 Bxg4 40. Bxg6 Kd6 41. Rf6+ Be6 42. Bf5 Re8 43. Ke4 Kd7 44. Rxe6 Rxe6+ 45. Kd5 1-0

[Event "Early-Titled-Tuesday-Blitz-September-26-2023"]
[Site "Chess.com"]
[Date "2023.09.26"]
[Round "7"]
[White "Grossboss19"]
[Black "kereswasbest"]
[Result "1/2-1/2"]
[WhiteElo "2518"]
[BlackElo "2306"]
[TimeControl "180+1"]
[EndTime "9:19:28 PDT"]
[Termination "Game drawn - insufficient material"]

1. d4 d5 2. Nc3 Nf6 3. Bf4 Bf5 4. e3 e6 5. Nge2 Bd6 6. Qd2 O-O 7. h4 c5 8. Bxd6 Qxd6 9. Ng3 cxd4 10. Nxf5 exf5 11.
Qxd4 Nc6 12. Qd2 Ne4 13. Nxe4 fxe4 14. O-O-O Rfd8 15. a3 Rac8 16. Kb1 Qc5 17. f3 d4 18. fxe4 dxe3 19. Qc1 Nd4 20. Bd3 e2 21. Rde1 b5 22. Bxe2 Nxc2 23. Rd1 Nd4 24. Qxc5 Rxc5 25. Rd2 Rc6 26.
Rhd1 Rcd6 27. e5 Rd5 28. Bxb5 Rxb5 29. Rxd4 Rxd4 30. Rxd4 g6 31. Ra4 a5 32. Re4 Kf8 33. Kc2 Ke7 34. Kc3 Ke6 35. a4 Rc5+ 36. Kd3 Rd5+ 37. Ke3 Rxe5 38. Kd4 Rxe4+ 39. Kxe4 f5+ 40. Kd4 h6 41. Kc4 g5 42. hxg5 hxg5 43. b4 axb4 44. Kxb4 Kd5 45. Kc3 f4 46. Kd3 g4 47. a5 f3 48.
gxf3 gxf3 49. a6 Kc6 50. a7 Kb7 51. Ke3 Kxa7 52. Kxf3 1/2-1/2

[Event "Early-Titled-Tuesday-Blitz-September-26-2023"]
[Site "Chess.com"]
[Date "2023.09.26"]
[Round "7"]
[White "kleopl"]
[Black "chessdjw"]
[Result "0-1"]
[WhiteElo "2461"]
[BlackElo "2681"]
[TimeControl "180+1"]
[EndTime "9:19:33 PDT"]
[Termination "chessdjw won on time"]

1. e4 e5 2. Nf3 Nc6 3. c3 d6 4. d4 Be7 5. Bb5 Nf6 6. d5 a6 7. Ba4 b5 8. Bc2 Nb8 9. a4 Bb7 10. Qe2 c6 11. dxc6 Bxc6 12. axb5 Bxb5 13. Bd3 Nbd7 14. O-O Bxd3 15. Qxd3 Nc5 16. Qc4 Nfxe4 17. b4 d5 18. Qe2 Nd7 19. Rxa6 O-O 20. Rd1 Qc8 21.
Rxa8 Qxa8 22. Qd3 Nef6 23. Qe2 e4 24. Nd4 Ne5 25. Nf5 Bd8 26. Be3 Qc8 27. Ng3 Re8 28.
Bg5 Nd3 29. h3 Bb6 30. Be3 Qe6 31. Bxb6 Qxb6 32. Nf5 Ra8 33. g4 h6 34. Ne3 Qc6 35.
Kg2 Nd7 36. Rxd3 exd3 37. Qf3 Ne5 38. Qxd5 Qxd5+ 39. Nxd5 Nc4 40. Kf3 Ra1 41. Ke4 Rxb1 42. Kxd3 Nd6 43. Ne7+ Kf8 44. Nd5 Rd1+ 0-1

[Event "Early-Titled-Tuesday-Blitz-September-26-2023"]
[Site "Chess.com"]
[Date "2023.09.26"]
[Round "7"]
[White "Let_it_be_1"]
[Black "Der_Balak_3Halak"]
[Result "1-0"]
[WhiteElo "2597"]
[BlackElo "2374"]
[TimeControl "180+1"]
[EndTime "9:19:35 PDT"]
[Termination "Let_it_be_1 won by checkmate"]

1. e4 c5 2. Nf3 Nc6 3. d4 cxd4 4. Nxd4 g6 5. c4 Nf6 6. Nc3 e5 7. Ndb5 d6 8. Bg5 Be7 9. Bxf6 Bxf6 10. Qxd6 Qxd6 11.
Nxd6+ Ke7 12. Nxc8+ Raxc8 13. Nd5+ Ke6 14. c5 Nd4 15. Rc1 Bg5 16. Rc3 f5 17. h4 Be7 18.
Bc4 Rxc5 19. b4 Rxc4 20. Rxc4 fxe4 21. Nxe7 Kxe7 22. Rc7+ Kd6 23. Rxb7 e3 24. fxe3 Rc8 25. O-O Ne2+ 26. Kh2 Rc4 27. g3 Nc1 28. Rxa7 Nd3 29.
b5 Rc2+ 30. Kg1 Rb2 31. a4 e4 32. Rxh7 Ne5 33. h5 gxh5 34. Rh6+ Kc7 35. Rxh5 Nf3+ 36. Rxf3 exf3 37. a5 Rg2+ 38. Kf1 Rxg3 39. Rh7+ Kd6 40.
a6 Ke5 41. a7 Rg8 42. b6 Ke4 43. Re7+ Kd3 44. Kf2 Kd2 45. b7 Rg2+ 46. Kxf3 Rg6 47.
Rd7+ Ke1 48. b8=Q Rf6+ 49. Qf4 Re6 50. Qg3+ Kf1 51. Qf2# 1-0

[Event "Early-Titled-Tuesday-Blitz-September-26-2023"]
[Site "Chess.com"]
[Date "2023.09.26"]
[Round "7"]
[White "LionTheLeon_06"]
[Black "BlitzWizard04"]
[Result "0-1"]
[WhiteElo "2801"]
[BlackElo "2647"]
[TimeControl "180+1"]
[EndTime "9:19:37 PDT"]
[Termination "BlitzWizard04 won on time"]

1. e4 c5 2. Nf3 e6 3. g3 d5 4. exd5 exd5 5. Bg2 Nc6 6. O-O Nf6 7. d4 cxd4 8. Nxd4 Bg4 9. Qd3 Be7 10. Nd2 O-O 11.
N2b3 Ne5 12. Qe3 Nc4 13. Qd3 Qd7 14. Re1 Rfe8 15. Bf4 Nxb2 16. Qc3 Nc4 17. a4 a5 18. Qd3 Bh5 19. Nb5 Bg6 20. Qd4 Bxc2 21. Nd2 Nxd2 22.
Bxd2 Be4 23. Rac1 Rac8 24. Bxa5 Rxc1 25. Rxc1 Bxg2 26. Kxg2 Ra8 27. Bd2 Ne4 28. Rc7 Qe6 29. Rxb7 Nxd2 30. Qxd2 Rxa4 31. Rb8+ Bf8 32. Nc3 Ra5 33. Qd4 Qd6 34. Rc8 h6 35. Nd1 Kh7 36. Ne3 g6 37. h4 Bg7 38. Qd3 d4 39. h5 Ra3 40. hxg6+ fxg6 41. Qd1 Qd7 0-1

[Event "Early-Titled-Tuesday-Blitz-September-26-2023"]
[Site "Chess.com"]
[Date "2023.09.26"]
[Round "7"]
[White "Maxfan2008"]
[Black "CheckThis4"]
[Result "1-0"]
[WhiteElo "2578"]
[BlackElo "2675"]
[TimeControl "180+1"]
[EndTime "9:19:41 PDT"]
[Termination "Maxfan2008 won by checkmate"]

1. d4 Nf6 2. c4 e5 3. dxe5 Ng4 4. Nh3 Nc6 5. e3 Ngxe5 6. Nc3 g6 7. Nf4 Bg7 8. Be2 O-O 9. O-O d6 10. h3 a5 11. Qd2 b6 12. b3 Bb7 13. Bb2 Ne7 14.
Rad1 Qd7 15. Nb5 Rad8 16. Rfe1 Qc8 17. Nd5 Nxd5 18. cxd5 c5 19. f4 Nd7 20. Bxg7 Kxg7 21. Nxd6 Qc7 22. Qc3+ Kg8 23. Nxb7 Qxb7 24. Bb5 f5 25. d6 Nf6 26. d7 h5 27. Rd6 Kg7 28. Qe5 Qe4 29. Bc6 Qxe5 30. fxe5 Ne4 31. Bxe4 fxe4 32.
e6 Kf6 33. Rxb6 Ke7 34. Rf1 Rf5 35. Rxf5 gxf5 36. Rc6 a4 37. bxa4 c4 38. Kf1 c3 39.
Ke2 h4 40. Rc8 c2 41. Kd2 f4 42. Kxc2 f3 43. gxf3 exf3 44. Rxd8 Kxd8 45. Kd2 Ke7 46. Ke1 Kxe6 47. d8=Q Ke5 48. Qd4+ Ke6 49. a5 f2+ 50.
Kxf2 Kf5 51. a6 Ke6 52. a7 Kf5 53. a8=Q Kg6 54. Qg2+ Kh7 55. Qxh4# 1-0

[Event "Early-Titled-Tuesday-Blitz-September-26-2023"]
[Site "Chess.com"]
[Date "2023.09.26"]
[Round "7"]
[White "stratacticos"]
[Black "ViktoriyaTarasova"]
[Result "0-1"]
[WhiteElo "1796"]
[BlackElo "2402"]
[TimeControl "180+1"]
[EndTime "9:19:41 PDT"]
[Termination "ViktoriyaTarasova won on time"]

1. e4 e5 2. Nf3 Nc6 3. Bc4 Bc5 4. O-O d6 5. h3 Nf6 6. d3 h6 7. c3 a5 8. Be3 Bxe3 9. fxe3 O-O 10. Nbd2 Be6 11.
Bb5 Ne7 12. d4 Ng6 13. a4 c6 14. Be2 Qd7 15. Qe1 Rae8 16. d5 cxd5 17. Bb5 Qe7 18. Bxe8 dxe4 19. Bxf7+ Rxf7 20. Nh4 Nxh4 21. Qxh4 d5 22. Rf2 Qc5 23. Re1 Qc6 24. Ra1 Qc5 25. Re1 Bd7 26. Qg3 Qd6 27. b3 Kh7 28. Ref1 Bc6 29.
Rf5 Re7 30. Qf2 Re6 31. g4 Bd7 32. Qg3 Re7 33. R5f2 Qc6 34. Rc1 Be8 35. Nf1 Qd6 36. g5 Nh5 37. Qh4 hxg5 38. Qxg5 Re6 39. Kh2 Rh6 40. Ng3 Nxg3 41. Qxg3 Bd7 42. h4 Qe7 43.
Rg1 Rxh4+ 44. Kg2 Rg4 45. Rh1+ Kg8 0-1

[Event "Early-Titled-Tuesday-Blitz-September-26-2023"]
[Site "Chess.com"]
[Date "2023.09.26"]
[Round "7"]
[White "Chaos_Magic"]
[Black "CarlosjPineror"]
[Result "0-1"]
[WhiteElo "2417"]
[BlackElo "2570"]
[TimeControl "180+1"]
[EndTime "9:19:45 PDT"]
[Termination "CarlosjPineror won on time"]

1. d4 Nf6 2. c4 g6 3. Nc3 Bg7 4. e4 O-O 5. Nf3 c5 6. d5 d6 7. h3 e6 8. Bd3 exd5 9. exd5 Re8+ 10. Be3 Na6 11. O-O Nc7 12. a4 a6 13. Qd2 Rb8 14. a5 b5 15. axb6 Rxb6 16. Bg5 Bd7 17. Rae1 Rxe1 18. Rxe1 Qb8 19. Nd1 Nfe8 20. Re7 Ba4 21.
Qf4 f6 22. Nc3 Bb3 23. Bh6 Qd8 24. Re1 Rb7 25. Bxg7 Nxg7 26. Ne4 Nce8 27. g4 Ba4 28. Ra1 Rb4 29. Nfd2 a5 30. Kg2 Qe7 31. f3 f5 32. Ng5 h6 33. Ne6 g5 34. Qe3 f4 35. Qe4 Nf6 36. Qg6 Rxb2 37. Rxa4 Rxd2+ 38. Kh1 Qf7 39. Nxg7 Qxg7 40. Rxa5 Qxg6 41. Bxg6 Nd7 42. Ra6 Ne5 43. Bf5 Nxf3 44. Ra8+ Kg7 45. Ra7+ Kf6 0-1

[Event "Early-Titled-Tuesday-Blitz-September-26-2023"]
[Site "Chess.com"]
[Date "2023.09.26"]
[Round "7"]
[White "MikaelyanArman"]
[Black "marcodobrikov"]
[Result "0-1"]
[WhiteElo "2840"]
[BlackElo "2656"]
[TimeControl "180+1"]
[EndTime "9:19:47 PDT"]
[Termination "marcodobrikov won on time"]

1. e4 e6 2. Qe2 Ne7 3. g3 d5 4. exd5 exd5 5. Bg2 g6 6. Nf3 Bg7 7. O-O O-O 8. d4 Bg4 9. c3 c6 10. h3 Bxf3 11. Bxf3 Nd7 12. Nd2 Re8 13. Qd3 Nf5 14.
Nb3 Nd6 15. Bf4 Ne4 16. Nd2 f5 17. Qc2 Nf8 18. Nxe4 fxe4 19. Bg2 Ne6 20. Be3 Bf6 21. h4 Rf8 22. Rad1 Ng7 23. Qb3 Qb6 24. Qa3 Rf7 25. c4 Be7 26. Qc3 Raf8 27. Bh3 Rf3 28. cxd5 cxd5 29. Bg2 R3f7 30. Bh6 Bd6 31. Qb3 Qxb3 32. axb3 Rc8 33. Bh3 Rc2 34. Rc1 Rfc7 35. Rxc2 Rxc2 36. Rc1 Rxb2 37. Rc8+ Kf7 38. Rd8 Ne6 39. Rxd6 Nxd4 40.
Rd7+ Ke8 41. Rxd5 Nf3+ 42. Kg2 Rb1 43. Bd7+ Ke7 44. Kh3 Rxb3 45. Ba4 Rb2 46. Rd7+ Ke6 47. Rxh7 Rxf2 48. Bb3+ Kf5 49. Rf7+ Ke5 50. Be3 Rb2 51. Bc4 b5 52. Bf1 a5 53. Rb7 b4 54.
Rb5+ Kf6 55. Rxa5 Rh2+ 56. Kg4 Ne5+ 0-1

[Event "Early-Titled-Tuesday-Blitz-September-26-2023"]
[Site "Chess.com"]
[Date "2023.09.26"]
[Round "7"]
[White "esrosenberg"]
[Black "zajka-molotok"]
[Result "1-0"]
[WhiteElo "2373"]
[BlackElo "2524"]
[TimeControl "180+1"]
[EndTime "9:19:47 PDT"]
[Termination "esrosenberg won by resignation"]

1. Nf3 c5 2. c4 Nf6 3. Nc3 d5 4. cxd5 Nxd5 5. g3 Nc6 6. Bg2 Nc7 7. O-O e5 8. d3 Be7 9. b3 O-O 10. Bb2 Be6 11. Rc1 Rc8 12. Ne4 b6 13. Nxe5 Nxe5 14. Bxe5 Nb5 15. e3 Qd7 16. Qd2 Rfd8 17. Rfd1 Bg4 18. f3 Bf5 19. Nf2 Bf8 20. Qb2 f6 21. Bc3 Nxc3 22. Qxc3 b5 23. Ne4 Bxe4 24. fxe4 h5 25. e5 fxe5 26. Qxe5 h4 27. Be4 hxg3 28. hxg3 Qd6 29. Qg5 Be7 30. Qg6 Qxg6 31. Bxg6 Bg5 32. Kf2 Rf8+ 33. Ke2 Rce8 34. Bxe8 Rxe8 35. e4 Bxc1 36.
Rxc1 Re5 37. Ke3 Kf7 38. d4 cxd4+ 39. Kxd4 Rg5 40. Rc7+ Ke6 41. Rxa7 Rxg3 42. Rb7 Rg2 43. Rxb5 Rxa2 44. Rb6+ Ke7 45. Ke5 Ra5+ 46. Kf4 Kf7 47. b4 Ra1 48. Kf5 Rf1+ 49. Ke5 Rb1 50. b5 g5 51. Kf5 Rg1 52. Rb7+ Ke8 53. b6 g4 54. Rg7 Rb1 55. b7 Kd8 56. Kxg4 Rb4 57. Kf5 Rb5+ 58. e5 Rb6 59. e6 1-0

[Event "Early-Titled-Tuesday-Blitz-September-26-2023"]
[Site "Chess.com"]
[Date "2023.09.26"]
[Round "7"]
[White "WPWPWP-2015"]
[Black "Raskolnikov6"]
[Result "1-0"]
[WhiteElo "2533"]
[BlackElo "2337"]
[TimeControl "180+1"]
[EndTime "9:19:47 PDT"]
[Termination "WPWPWP-2015 won on time"]

1. e4 d5 2. exd5 Qxd5 3. Qf3 Qxf3 4. Nxf3 Nc6 5. Bb5 Bd7 6. O-O a6 7. Ba4 O-O-O 8. c3 e6 9. Ng5 Nh6 10. d4 Bd6 11. Ne4 Nf5 12. Nxd6+ Nxd6 13. Nd2 Rhe8 14.
Nf3 f6 15. Bc2 g6 16. Re1 Nf7 17. Bf4 e5 18. dxe5 Ncxe5 19. Nxe5 Nxe5 20. Rad1 Bc6 21. f3 Rxd1 22. Rxd1 Nc4 23. Bc1 Ne3 24. Bxe3 Rxe3 25.
Kf2 Re7 26. Bd3 a5 27. h4 Re8 28. Bc4 Rd8 29. Be6+ Bd7 30. Bd5 Ba4 31. b3 Bd7 32. Ke3 Re8+ 33. Kf4 h6 34. Be4 g5+ 35. Kg3 f5 36.
Bd3 f4+ 37. Kf2 Re3 38. Be2 Bf5 39. hxg5 hxg5 40. Rd5 Bb1 41. Rxa5 Rxc3 42. Bd1 Rc1 43. Ke2 b6 44. Rxg5 Bxa2 45. Kd2 Rc6 46. Bc2 Rd6+ 47.
Kc3 1-0

[Event "Early-Titled-Tuesday-Blitz-September-26-2023"]
[Site "Chess.com"]
[Date "2023.09.26"]
[Round "7"]
[White "PavelChernomordik"]
[Black "Boxerandchessplayer"]
[Result "1-0"]
[WhiteElo "2504"]
[BlackElo "2187"]
[TimeControl "180+1"]
[EndTime "9:19:47 PDT"]
[Termination "PavelChernomordik won by resignation"]

1. e4 e6 2. Nc3 d5 3. d4 dxe4 4. Nxe4 Nd7 5. Nf3 Ngf6 6. Bg5 Be7 7. Nxf6+ Nxf6 8. Bd3 O-O 9. Qe2 Rb8 10. O-O-O b6 11.
Ne5 Bb7 12. h4 Nd5 13. Qh5 g6 14. Qg4 Nf6 15. Qg3 Qd5 16. Kb1 Qxg2 17. Qxg2 Bxg2 18. Rhg1 Bb7 19. Bxf6 Bxf6 20. Nd7 Bxd4 21. Nxb8 Rxb8 22.
Bxg6 Bxf2 23. Bxf7+ Kxf7 24. Rgf1 Ke7 25. Rxf2 Rg8 26.
Rdf1 Rg7 27. Kc1 Be4 28. Kd2 Rg4 29. Rf7+ Kd6 30. R7f4 Rg2+ 31. R1f2 Rxf2+ 32. Rxf2 Bf5 33. Ke3 Ke5 34. Rd2 c5 35. Rd7 a5 36. Rb7 Bxc2 37. Rxb6 Bb1 38. Rb5 Kd5 39. Rxa5 Kc4 40. b3+ Kc3 41.
Rxc5+ Kb2 42. Rc6 Bf5 43. a4 Kxb3 44. a5 Bd3 1-0

[Event "Early-Titled-Tuesday-Blitz-September-26-2023"]
[Site "Chess.com"]
[Date "2023.09.26"]
[Round "7"]
[White "SAInt_666"]
[Black "ContrVersia"]
[Result "1-0"]
[WhiteElo "2678"]
[BlackElo "2877"]
[TimeControl "180+1"]
[EndTime "9:19:48 PDT"]
[Termination "SAInt_666 won by checkmate"]

1. e4 c5 2. Nf3 a6 3. c3 d5 4. exd5 Qxd5 5. d4 Bg4 6. Be3 Bxf3 7. gxf3 cxd4 8. cxd4 Nf6 9. Nc3 Qd7 10. Qb3 e6 11. h4 Nc6 12. O-O-O Nb4 13. Kb1 Nbd5 14. Ne4 b5 15. h5 Be7 16. Bd3 O-O 17. Rdg1 Kh8 18.
Rg2 Rac8 19. Rhg1 Rg8 20. Ng5 Qe8 21. f4 h6 22. Nf3 Nxh5 23. Rh2 Nhxf4 24. Ne5 Bf6 25.
Ng4 Bg5 26. Be4 f5 27. Bxd5 fxg4 28. Be4 e5 29. d5 Qd7 30. Qd1 Nh3 31. Rxg4 Bxe3 32.
fxe3 Rgf8 33. Rxh3 Rf2 34. Rh1 Rd8 35. Rg2 Rxg2 36.
Bxg2 Qf5+ 37. e4 Qg5 38. Qf3 Rd6 39. Bh3 Rf6 40. Qg4 Qe3 41. a3 Qd4 42. Qc8+ Kh7 43.
Bf5+ g6 44. Qd7+ Kg8 45. Be6+ Kf8 46. Qd8+ Kg7 47. Qg8# 1-0